 Dungeon Crawl Stone Soup version 0.31-a0-986-g5e6e4ef867 (webtiles) character file.

Game seed: 1595706504257469299

546 LeprechaunX the Changeling (level 7, -3/46 HPs)
             Began as an Octopode Shapeshifter on Nov 8, 2023.
             Was an Initiate of Ru.
             Slain by an orc
             ... wielding a +0 whip
              (6 damage)
             ... on level 4 of the Dungeon.
             The game lasted 00:03:53 (3114 turns).

LeprechaunX the Changeling (Octopode Shapeshifter)  Turns: 3114, Time: 00:03:53

Health: -3/46      AC:  1    Str: 14    XL:     7   Next: 28%
Magic:  7/7        EV: 13    Int: 12    God:    Ru [......]
Gold:   174        SH:  0    Dex: 13    Spells: 6/6 levels left

rFire   . .          .
                       - Unarmed
rCold   . . .        (no shield)
rNeg    . . .        (helmet currently unavailable)
rPois   .            (no amulet)
rElec   .            (no ring)
rCorr   .            (no ring)
SInv    .            (no ring)
Will    .....        (no ring)
Stlth   ++           (no ring)
HPRegen 0.27/turn    (no ring)
MPRegen 0.10/turn    (no ring)
                     (no ring)

%: no passive effects
@: beast-form
A: beast (slay +3), almost no armour, amphibious, 8 rings, camouflage 1,
gelatinous body 1, (nimble swimmer 1), tentacles
a: Begin Untransformation, Renounce Religion


You were on level 4 of the Dungeon.
You worshipped Ru.
Ru was noncommittal.
You were a hulking beast.
You visited 2 branches of the dungeon, and saw 5 of its levels.

You collected 198 gold pieces.
You spent 24 gold pieces at shops.

Inventory:

Missiles
 p - 6 silver javelins (quivered)
Armour
 i - a +0 hat
Talismans
 b - a beast talisman
 c - a flux talisman
 m - a blade talisman
Scrolls
 f - a scroll of amnesia
 g - a scroll of identify
 h - 2 scrolls of immolation {unknown}
 l - 2 scrolls of enchant armour {unknown}
 o - a scroll of enchant weapon {unknown}
 q - a scroll of fog {unknown}
Potions
 a - a potion of lignification
 d - a potion of heal wounds
 e - 3 potions of cancellation
 j - a potion of degeneration {unknown}
 k - a potion of brilliance {unknown}
 n - a potion of curing {unknown}


   Skills:
 + Level 3.5 Fighting
 + Level 1.6 Throwing
 - Level 2.0 Dodging
 + Level 4.6 Unarmed Combat
 * Level 5.5 Shapeshifting


You had 6 spell levels left.
You didn't know any spells.
Your spell library contained the following spells:

 Spells                   Type           Power      Damage    Failure   Level
 Iskenderun's Battlesphe  Conj           0%         2d6       100%        5
 Bombard                  Conj/Erth      0%         9d1       100%        6
 Spellforged Servitor     Conj/Summ      0%         N/A       100%        7


Dungeon Overview and Level Annotations

Branches:
Dungeon (4/15)             Temple (1/1) D:4

Altars:
Ashenzari
Cheibriados
Dithmenos
Elyvilon
Fedhas
Gozag
Kikubaaqudgha
Makhleb
Okawaru
Ru
Sif Muna
Trog
Wu Jian
Xom
Yredelemnul

Shops:
D:1 *   D:2 (


Innate Abilities, Weirdness & Mutations

You are a hulking beast.
Your limbs bulge with bestial killing power. (Slay +3)
You cannot wear most types of armour.
You are amphibious.
You can wear up to eight rings at the same time.
Your skin changes colour to match your surroundings (Stealth+).
Your rubbery body absorbs attacks. (AC +1, EV +1)
((You are camouflaged when in or above water. (Stealth+)))
You have tentacles for arms and can constrict up to eight enemies at once.


Message History

Your grab misses the orc wizard. You tentacle-slap the orc wizard.
You grab the orc wizard. You squeeze the orc wizard!
The orc wizard is almost dead.
You constrict the orc wizard. The orc wizard closely misses you.
The orc hits you with a +0 whip.
The orc priest calls down the wrath of Beogh upon you.
Beogh smites you!
You tentacle-slap the orc wizard. Your squeeze misses the orc wizard.
The orc wizard is almost dead.
You constrict the orc wizard, but do no damage.
Unknown command.
You tentacle-slap the orc wizard but do no damage.
You squeeze the orc wizard.
You kill the orc wizard!
Unknown command.
The orc priest completely misses you. The orc hits you with a +0 whip.
Things that are here:
a +0 club; an orc corpse You completely miss the orc priest.
Your grab misses the orc priest. The orc priest barely misses you.
The orc hits you with a +0 whip.
* * * LOW HITPOINT WARNING * * *
You tentacle-slap the orc priest but do no damage.
You grab the orc priest. You squeeze the orc priest.
The orc priest is moderately wounded.
You constrict the orc priest, but do no damage.
The orc priest closely misses you. The orc closely misses you.
Unknown command.
You tentacle-slap the orc priest.
The orc priest is heavily wounded.
You constrict the orc priest.
The orc priest looks satisfied for a moment.
The orc barely misses you.
Unknown command.
You barely miss the orc. You grab the orc. You constrict the orc priest.
You constrict the orc.
The orc priest hits you with a +0 hand axe!
* * * LOW HITPOINT WARNING * * *
The orc hits you with a +0 whip.
You die...

#.##....# ..... ..#
#.....#.. ... #.# #.#######
#.. ..# ###.# ###..###.#
#...### ......#.# #.....#
#.#.....# #####..##.#
#.###.#o###......# .#
#.......ho.......# # #.
#.###.###.....#### ## #.
#.# #.........# #. #.
#.########....### #.
#..######........+......#
#.
#.......#......###....#.#
...
#.###..#.......##.....#.#
.##
#.#....#................###
#..##..#..###.###.........#


You could see an orc priest and an orc.

Vanquished Creatures
  Grinder (D:4)
  2 jellies (D:2)
  A hound (D:4)
  2 orc wizards
  4 adders
  7 gnolls
  A white imp (D:3)
  2 worms
  A dart slug (D:1)
  6 orcs
  9 ball pythons
  17 endoplasms
  A giant cockroach (D:1)
  4 goblins
  2 hobgoblins
  12 kobolds
  4 quokkas
  8 bats
  5 frilled lizards
  6 rats
95 creatures vanquished.

Notes
Turn   | Place    | Note
-------+----------+-------------------------------------------
     0 | D:1      | LeprechaunX the Octopode Shapeshifter began the quest for
                  | the Orb.
     0 | D:1      | Reached XP level 1. HP: 13/13 MP: 1/1
   135 | D:1      | Reached XP level 2. HP: 18/18 MP: 2/2
   234 | D:1      | Found Ixzifeme's General Store.
   312 | D:1      | Reached XP level 3. HP: 23/23 MP: 3/3
   777 | D:1      | Bought a scroll of identify for 24 gold pieces
  1053 | D:2      | Found a blossoming altar of Fedhas.
  1053 | D:2      | Found a white marble altar of Elyvilon.
  1053 | D:2      | Found a white marble altar of Elyvilon.
  1053 | D:2      | Found a shadowy altar of Dithmenos.
  1053 | D:2      | Found a broken altar of Ashenzari.
  1053 | D:2      | Found a shimmering altar of Xom.
  1058 | D:2      | Reached skill level 4 in Shapeshifting
  1058 | D:2      | Reached XP level 4. HP: 22/29 MP: 4/4
  1150 | D:2      | Reached XP level 5. HP: 15/35 MP: 5/5
  1485 | D:2      | Found Domudo's Antique Weapon Boutique.
  1835 | D:3      | Found a burning altar of Makhleb.
  1835 | D:3      | Noticed a cacodemon
  1844 | D:3      | Noticed a neqoxec
  1844 | D:3      | Noticed a smoke demon
  2254 | D:3      | Reached XP level 6. HP: 19/41 MP: 6/6
  2680 | D:4      | Found a staircase to the Ecumenical Temple.
  2707 | Temple   | Entered the Ecumenical Temple
  2712 | Temple   | Became a worshipper of Ru the Awakened
  2771 | D:4      | Reached skill level 5 in Shapeshifting
  2888 | D:4      | Noticed Grinder
  2898 | D:4      | Killed Grinder
  2899 | D:4      | Reached skill level 1 in Throwing
  2899 | D:4      | Reached XP level 7. HP: 22/46 MP: 7/7
  3114 | D:4      | Slain by an orc

Illustrated notes

Levels and vault maps discovered:
D:1:      dpeg_arrival_long_road, layout_loops_ring, serial_shops,
          nicolae_shop_hallway_plus
D:2:      cheibrodos_fertilizer, layout_loops_ring, serial_shops,
          shop_fountains, minmay_tiny_reverse_x
D:3:      layout_loops_cross, makhleb_altar_promises_db,
          grunt_decor_mini_mirrors, minmay_misc_feat_square,
          hangedman_decor_riveting, hangedman_abyss_or_decor_stabs
D:4:      layout_basic, good_gods_temple_1, mainiacjoe_overflow_alcove_2,
          minmay_temple_entry_water_ring, nicolae_titane, uniq_robin,
          uniq_grinder, uniq_ijyb
Temple:   hellmonk_temple_micro_hex

Skill      XL: |  1  2  3  4  5  6 |
---------------+-------------------+-----
Fighting       | 2 3 |  3.5
Shapeshifting  | 4 5 |  5.5
Unarmed Combat | 4 |  4.6
Throwing       | 1 |  1.6
Dodging        | |  2.0

Action                     |  1- 3 |  4- 6 |  7- 9 || total
---------------------------+-------+-------+-------++-------
  Melee: Unarmed           |    70 |   100 |    10 ||   180
         Constrict         |    14 |    22 |     4 ||    40
         Tentacles         |    13 |    29 |     4 ||    46
         Punch             |     4 |     5 |     1 ||    10
  Throw: Javelin           |       |       |     1 ||     1
    Use: Scroll            |     2 |     1 |       ||     3
         Potion            |       |     1 |       ||     1
   Stab: Sleeping          |    10 |     9 |     1 ||    20
 Armour: Skin              |    28 |    31 |     5 ||    64
  Dodge: Dodged            |    35 |    50 |     7 ||    92

Table legend: (Time is in decaauts)
 A = Elapsed time spent in this place.
 B = Non-inter-level travel time spent in this place.
 C = Inter-level travel time spent in this place.
 D = Time resting spent in this place.
 E = Time spent auto-exploring this place.
 F = Levels seen in this place.
 G = Mean time per level.
                   A        B        C        D        E       F      G
               +--------+--------+--------+--------+--------+-----+--------+
         Total |   3100 |   3036 |     64 |     69 |   2377 |   5 |  620.0 |
       Dungeon |   3090 |   3026 |     64 |     69 |   2377 |   4 |  772.5 |
        Temple |     10 |     10 |      0 |      0 |      0 |   1 |   10.0 |
               +--------+--------+--------+--------+--------+-----+--------+

Top non-repeatable levels by time:
     D:3: 939 daAuts
     D:2: 895 daAuts
     D:1: 782 daAuts
     D:4: 473 daAuts
  Temple: 10 daAuts
